[Event "Saturday Apr 14 Engine Tour 9 Rd Swiss 12m+1s Starts at 1600hrs ST"]
[Site "Infinity Chess"]
[Date "2018.4.14"]
[Round "7"]
[White "Time_bandit"]
[Black "Dovahkiin"]
[Result "1/2-1/2"]
[ECO "B90"]
[WhiteElo "2454"]
[BlackElo "2408"]
[WhiteEngine "asmFishW_2018-02-02_popcnt"]
[BlackEngine "Raubfisch ME262_GTZ16f_CTG"]
[EventType "Swiss"]
[WhiteTeam ""]
[BlackTeam ""]
[PlyCount "104"]
[TimeControl "720+1"]

1. e4 c5 2. Nf3 d6 3. d4 cxd4 4. Nxd4 Nf6 5. Nc3 a6 6. Be3 e5 7. Nb3 Be6 
8. f3 Be7 9. Qd2 O-O 10. O-O-O Nbd7 11. g4 b5 12. g5 b4 13. Ne2 Ne8 14. f4 a5 
15. f5 a4 16. Nbd4 exd4 17. Nxd4 b3 18. Kb1 bxc2+ 19. Nxc2 Bb3 20. axb3 axb3 
21. Na3 Ne5 22. h4 Ra4 23. Rh3 Qa8 24. Qd5 Rxa3 25. bxa3 Qxa3 26. Qd2 Nf6 
27. Bd4 Nfd7 28. Rc3 Nc5 29. Rxc5 Nf3 30. Qa5 Qa2+ 31. Qxa2 bxa2+ 32. Kxa2 dxc5 
33. Bf2 Ra8+ 34. Kb2 h6 35. Rd7 Bd8 36. Be2 Ne5 37. Rd5 hxg5 38. hxg5 Bxg5 
39. Bxc5 Bf6 40. Kb3 Ra1 41. Rd1 Rxd1 42. Bxd1 g6 43. fxg6 fxg6 44. Bg1 g5 
45. Bf2 g4 46. Be1 Kf7 47. Bg3 Kg7 48. Be1 Nd3 49. Bxg4 Nxe1 50. Kc4 Be5 
51. Kd5 Kf6 52. Bd1 Nd3 1/2-1/2

[Event "Saturday Apr 14 Engine Tour 9 Rd Swiss 12m+1s Starts at 1600hrs ST"]
[Site "Infinity Chess"]
[Date "2018.4.14"]
[Round "7"]
[White "star99"]
[Black "Marsell"]
[Result "1/2-1/2"]
[ECO "C24"]
[WhiteElo "2398"]
[BlackElo "2459"]
[WhiteEngine "Cryptic Heroes 9.4B"]
[BlackEngine "BrainFish_180408_x64_bmi2"]
[EventType "Swiss"]
[WhiteTeam ""]
[BlackTeam ""]
[PlyCount "125"]
[TimeControl "720+1"]

1. e4 e5 2. Bc4 Nf6 3. d3 c6 4. Bb3 d5 5. Nf3 a5 6. a4 Bb4+ 7. c3 Bd6 
8. exd5 cxd5 9. Bg5 Be6 10. Na3 Nbd7 11. O-O O-O 12. Bh4 Bb8 13. Re1 Re8 
14. Nb5 Ra6 15. Nd2 h6 16. d4 e4 17. c4 dxc4 18. Bxc4 Bxc4 19. Nxc4 Nb6 
20. Bxf6 Qxf6 21. Ne3 Qg6 22. Qc2 Bf4 23. Nc3 f5 24. g3 Rf8 25. Re2 Bg5 
26. Qb3+ Qf7 27. Qxf7+ Rxf7 28. Kg2 g6 29. h4 Bxe3 30. fxe3 Kg7 31. Ra3 Nc4 
32. Rb3 Rb6 33. Nb5 Rc6 34. Rf2 h5 35. Kh3 Rd7 36. Re2 Nb6 37. Nc3 Nc4 
38. Nb5 Kf6 39. Nc3 Rb6 40. Nb5 Re6 41. Nc3 Rb6 42. Nb5 Nd6 43. Rc2 Ne8 
44. Rcc3 Ke7 45. Na3 Rxb3 46. Rxb3 Rc7 47. Nb5 Rc4 48. Na3 Rb4 49. Rxb4 axb4 
50. Nc4 Nf6 51. Kg2 Nd5 52. Kf2 b6 53. b3 Ke6 54. Ne5 Kf6 55. Ke2 Kg7 
56. Nc4 Kf6 57. Kd2 Ke6 58. Ke1 Ke7 59. Ke2 Nc3+ 60. Kd2 Nd5 61. Ke2 Kf6 
62. Kf2 Ke7 63. Ke2 1/2-1/2

[Event "Saturday Apr 14 Engine Tour 9 Rd Swiss 12m+1s Starts at 1600hrs ST"]
[Site "Infinity Chess"]
[Date "2018.4.14"]
[Round "7"]
[White "Thinker"]
[Black "hafaba"]
[Result "1/2-1/2"]
[ECO "C50"]
[WhiteElo "2431"]
[BlackElo "2470"]
[WhiteEngine "BrainFish_180408_x64_modern_CTG"]
[BlackEngine "Eman 1.70-beta18x 64-bit POPCNT_CTG"]
[EventType "Swiss"]
[WhiteTeam ""]
[BlackTeam ""]
[PlyCount "106"]
[TimeControl "720+1"]

1. e4 e5 2. Nf3 Nc6 3. Bc4 Bc5 4. O-O Nf6 5. d3 d6 6. c3 O-O 7. h3 a5 8. Nbd2 h6 
9. Re1 Be6 10. b3 Bb6 11. a4 d5 12. Bb5 Ne7 13. exd5 Nfxd5 14. Qc2 c6 
15. Bc4 Ng6 16. d4 Ndf4 17. dxe5 Nh4 18. Bf1 Bd5 19. Re4 Nfg6 20. Bc4 Re8 
21. g3 Nxf3+ 22. Nxf3 Qd7 23. Bxd5 cxd5 24. Rg4 Qc6 25. Nd4 Bxd4 26. Rxd4 Nxe5 
27. Kg2 b5 28. axb5 Qxb5 29. Qd1 Qb7 30. Rxd5 a4 31. f3 Rac8 32. Bf4 Ng6 
33. Rxa4 Rxc3 34. Rd3 Qc6 35. Rxc3 Qxc3 36. Bc1 Rc8 37. Bd2 Qd3 38. Re4 Rd8 
39. Re2 f6 40. f4 Kf7 41. Kf2 Ne7 42. Qc1 Rc8 43. Qh1 Nf5 44. Qb7+ Kg6 
45. g4 Qg3+ 46. Kf1 Qxh3+ 47. Kg1 Qg3+ 48. Rg2 Rc1+ 49. Bxc1 Qe1+ 50. Kh2 Qh4+ 
51. Kg1 Qe1+ 52. Kh2 Qh4+ 53. Kg1 Qe1+ 1/2-1/2

[Event "Saturday Apr 14 Engine Tour 9 Rd Swiss 12m+1s Starts at 1600hrs ST"]
[Site "Infinity Chess"]
[Date "2018.4.14"]
[Round "7"]
[White "localhero"]
[Black "Susanne"]
[Result "1/2-1/2 "]
[ECO "B32"]
[WhiteElo "2436"]
[BlackElo "2500"]
[WhiteEngine "asmFishW_2017-10-04_popcnt"]
[BlackEngine "BrainFish_180411_x64_bmi2_CTG"]
[EventType "Swiss"]
[WhiteTeam ""]
[BlackTeam ""]
[PlyCount "181"]
[TimeControl "720+1"]

1. e4 c5 2. Nf3 Nc6 3. d4 cxd4 4. Nxd4 e5 5. Nb5 d6 6. N1c3 a6 7. Na3 b5 
8. Nd5 Nf6 9. Bg5 Be7 10. Bxf6 Bxf6 11. c3 Rb8 12. Nc2 Bg5 13. a4 bxa4 
14. Ncb4 Nxb4 15. Nxb4 Bd7 16. Bxa6 Qa5 17. Qxd6 Rb6 18. Qd3 Be6 19. Bc4 Rxb4 
20. Bxe6 Rd4 21. Qf3 O-O 22. Bd5 Bd2+ 23. Ke2 Qa6+ 24. c4 Bb4 25. Rhd1 Rxd1 
26. Rxd1 Bc5 27. h4 Kh8 28. g3 Rb8 29. Rd2 Qa5 30. Rc2 Qb6 31. Ke1 h6 
32. Qd1 Qc7 33. Kf1 Rb6 34. Qe1 Rf6 35. Kg2 Qb8 36. f3 g6 37. Qa1 Qb3 
38. Rc3 Qb4 39. Rc2 Qb3 40. Rc3 Qb4 41. Rc2 Kg8 42. Qa3 Qxa3 43. bxa3 Rb6 
44. Ra2 Kf8 45. f4 exf4 46. gxf4 Kg7 47. e5 Rb3 48. Bc6 Rc3 49. Bxa4 Rxc4 
50. Bd1 Rxf4 51. a4 Rxh4 52. a5 h5 53. a6 Rd4 54. Bxh5 gxh5 55. a7 Rg4+ 
56. Kh3 Bxa7 57. Rxa7 Kf8 58. e6 fxe6 59. Rc7 Kg8 60. Re7 Re4 61. Rb7 Ra4 
62. Rc7 Re4 63. Ra7 Rb4 64. Re7 Re4 65. Ra7 Rc4 66. Re7 Rc6 67. Kh4 Kf8 
68. Ra7 Rc5 69. Rh7 Rf5 70. Ra7 Rc5 71. Rh7 Rb5 72. Rc7 Re5 73. Rb7 Rf5 
74. Rc7 Re5 75. Ra7 Rd5 76. Rb7 Ra5 77. Rc7 Rf5 78. Ra7 Rf7 79. Ra2 Rf4+ 
80. Kxh5 Kg7 81. Kg5 Rf7 82. Kg4 Rb7 83. Ra1 Rb4+ 84. Kh5 Rb5+ 85. Kg4 Kg6 
86. Ra4 Kf6 87. Rf4+ Ke5 88. Rf1 Kd6 89. Re1 Ke7 90. Re2 Ra5 91. Rh2 1/2-1/2

[Event "Saturday Apr 14 Engine Tour 9 Rd Swiss 12m+1s Starts at 1600hrs ST"]
[Site "Infinity Chess"]
[Date "2018.4.14"]
[Round "7"]
[White "Murx"]
[Black "ocirema"]
[Result "1-0"]
[ECO "C50"]
[WhiteElo "2467"]
[BlackElo "2463"]
[WhiteEngine "asmFishW_2018-04-07_popcnt"]
[BlackEngine "asmFishW_2018-04-08_popcnt_CTG"]
[EventType "Swiss"]
[WhiteTeam ""]
[BlackTeam ""]
[PlyCount "135"]
[TimeControl "720+1"]

1. e4 e5 2. Nf3 Nc6 3. Bc4 Bc5 4. O-O Nf6 5. d3 d6 6. c3 O-O 7. Bg5 h6 8. Bh4 a6 
9. a4 g5 10. Bg3 Ba7 11. Nbd2 Nh7 12. h3 h5 13. Kh1 Kh8 14. b4 g4 15. Nh4 Qg5 
16. b5 Ne7 17. d4 exd4 18. cxd4 Qh6 19. e5 d5 20. Bd3 Bxd4 21. Rc1 c6 
22. Nb3 Ba7 23. bxa6 bxa6 24. Rg1 Re8 25. Qc2 Nf8 26. f4 Rb8 27. Nc5 Ne6 
28. Nxe6 fxe6 29. Bf2 d4 30. Nf3 Nd5 31. Bh4 Nb4 32. Qd2 Nxd3 33. Qxd3 c5 
34. Bf6+ Kg8 35. Ng5 Rb4 36. a5 Rb7 37. Qxa6 Qg6 38. Qc6 Rf8 39. a6 Rbf7 
40. Nxe6 Bxe6 41. Qxe6 Kh7 42. Rb1 d3 43. f5 Qg8 44. Be7 Rxf5 45. Qd7 R8f7 
46. Qxa7 d2 47. Qxc5 gxh3 48. a7 Qa8 49. Kh2 Rg7 50. gxh3 Rgf7 51. Rg2 Qe4 
52. a8=Q Qxa8 53. Qd6 Qxg2+ 54. Kxg2 Rg7+ 55. Kh1 Rf3 56. Qe6 h4 57. Bf6 Rc7 
58. Kg2 d1=Q 59. Rxd1 Rg3+ 60. Kh2 Rc2+ 61. Kh1 Rc7 62. Qf5+ Kh6 63. Bg5+ Rxg5 
64. Rd6+ Kg7 65. Qxg5+ Kh8 66. Qh6+ Kg8 67. Rd8+ Kf7 68. Qf6# 1-0

[Event "Saturday Apr 14 Engine Tour 9 Rd Swiss 12m+1s Starts at 1600hrs ST"]
[Site "Infinity Chess"]
[Date "2018.4.14"]
[Round "7"]
[White "KRAKEN"]
[Black "MCDermont"]
[Result "1/2-1/2 "]
[ECO "D31"]
[WhiteElo "2520"]
[BlackElo "2480"]
[WhiteEngine "Raubfisch X38b_CTG"]
[BlackEngine "BrainFish 090218"]
[EventType "Swiss"]
[WhiteTeam ""]
[BlackTeam ""]
[PlyCount "170"]
[TimeControl "720+1"]

1. d4 d5 2. c4 e6 3. Nc3 c6 4. e3 Nf6 5. Nf3 Nbd7 6. Be2 Bd6 7. O-O O-O 8. b3 b6 
9. Bb2 Bb7 10. Qc2 Qe7 11. Rad1 Rad8 12. Rc1 dxc4 13. bxc4 c5 14. Rfe1 Rfe8 
15. g3 Nf8 16. Red1 cxd4 17. exd4 Ng6 18. Nb5 Bb8 19. Ba3 Qd7 20. Qb3 h6 
21. Bb2 a6 22. Nc3 Qc6 23. Rc2 Rc8 24. Rcc1 Ba8 25. a4 Bd6 26. Ba1 Rcd8 
27. Rb1 Rb8 28. Qa2 Qc7 29. Nd2 Bf8 30. Bf3 Bxf3 31. Nxf3 Rec8 32. Nd2 Qc6 
33. Qb3 Rd8 34. Ne2 Be7 35. Nc1 h5 36. Nd3 h4 37. Re1 h3 38. f3 Ne8 39. Re2 Bf6 
40. Nb4 Qd7 41. d5 Bxa1 42. Rxa1 Rbc8 43. Rd1 Ne7 44. Ne4 b5 45. axb5 axb5 
46. c5 exd5 47. Red2 Nc7 48. f4 Ra8 49. Ng5 Re8 50. Qd3 Qf5 51. Qxf5 Nxf5 
52. Nxh3 Ne3 53. Re1 Kf8 54. Ng5 Ra4 55. Rb1 Ra3 56. Nf3 Re4 57. Ne5 f6 
58. Rd3 Nc4 59. Nec6 Rxd3 60. Nxd3 Nd2 61. Rb2 Nf3+ 62. Kg2 Nd4 63. Ncb4 Ke8 
64. Nf2 Re1 65. Nfd3 Re4 66. Nf2 Re6 67. h4 Kd7 68. Rd2 Nb3 69. Rc2 Re3 
70. h5 Kd8 71. c6 Ke7 72. Nd1 Re4 73. Nxd5+ Nxd5 74. c7 Nb6 75. c8=Q Nxc8 
76. Rxc8 Nd4 77. Rb8 Re2+ 78. Nf2 Kd6 79. Rd8+ Kc5 80. Rd7 b4 81. Rxg7 b3 
82. Rc7+ Kb4 83. h6 b2 84. h7 b1=Q 85. h8=Q Qe4+ 1/2-1/2

[Event "Saturday Apr 14 Engine Tour 9 Rd Swiss 12m+1s Starts at 1600hrs ST"]
[Site "Infinity Chess"]
[Date "2018.4.14"]
[Round "7"]
[White "Seliga"]
[Black "THE_MACHINE"]
[Result "1/2-1/2"]
[ECO "A22"]
[WhiteElo "2469"]
[BlackElo "2555"]
[WhiteEngine "SF9 ''A5x''_CTG"]
[BlackEngine "BrainFish_180411_x64_bmi2"]
[EventType "Swiss"]
[WhiteTeam ""]
[BlackTeam ""]
[PlyCount "140"]
[TimeControl "720+1"]

1. c4 e5 2. Nc3 Nf6 3. Nf3 Nc6 4. e3 Bb4 5. Qc2 Bxc3 6. Qxc3 Qe7 7. Be2 O-O 
8. d4 exd4 9. Nxd4 Ne4 10. Qb3 Nxd4 11. exd4 d5 12. cxd5 Nf6 13. Bf4 Rd8 
14. d6 cxd6 15. Qe3 Be6 16. Bg3 Re8 17. O-O Bd5 18. Qxe7 Rxe7 19. Bd3 Re6 
20. h4 Be4 21. Bc4 Bd5 22. Bd3 Be4 23. Bb5 a6 24. Ba4 Bd5 25. f3 Nh5 26. Bh2 g6 
27. Rfe1 Rxe1+ 28. Rxe1 Rd8 29. Re7 Ng7 30. Rd7 Rxd7 31. Bxd7 Bxa2 32. Bc8 Bd5 
33. Bxd6 Ne6 34. Bc5 f6 35. Kf2 Kf7 36. g3 Ke8 37. Ke3 Nc7 38. Bh3 Bc6 39. h5 b6 
40. Bd6 Nd5+ 41. Kf2 Kf7 42. hxg6+ hxg6 43. Bf1 a5 44. Bc4 Ke6 45. Bf8 b5 
46. Ba2 f5 47. g4 Kf6 48. gxf5 gxf5 49. Bd6 a4 50. Bc5 Kg5 51. Ke2 Nf4+ 
52. Ke3 Nd5+ 53. Kf2 f4 54. Ke2 Kh4 55. Kf2 Kh5 56. Ke2 Kh6 57. Kd3 Kg5 
58. Bd6 Ne3 59. Ke2 Bd5 60. Bb1 Nc4 61. Be7+ Kh5 62. Bd3 Kh6 63. Bc5 Kg7 
64. Bxc4 Bxc4+ 65. Kd2 Bd5 66. Bd6 Bxf3 67. Be5+ Kg6 68. Bxf4 b4 69. Bd6 a3 
70. bxa3 bxa3 1/2-1/2

[Event "Saturday Apr 14 Engine Tour 9 Rd Swiss 12m+1s Starts at 1600hrs ST"]
[Site "Infinity Chess"]
[Date "2018.4.14"]
[Round "7"]
[White "Thor"]
[Black "RonWeasley"]
[Result "1/2-1/2"]
[ECO "C11"]
[WhiteElo "2486"]
[BlackElo "2499"]
[WhiteEngine "asmFishW_2018-04-08_bmi2"]
[BlackEngine "BrainFish 090218_CTG"]
[EventType "Swiss"]
[WhiteTeam ""]
[BlackTeam ""]
[PlyCount "100"]
[TimeControl "720+1"]

1. e4 e6 2. d4 d5 3. Nc3 Nf6 4. e5 Nfd7 5. f4 c5 6. Nf3 Nc6 7. Be3 cxd4 
8. Nxd4 Qb6 9. Qd2 Qxb2 10. Rb1 Qa3 11. Bb5 Nxd4 12. Bxd4 a6 13. Rb3 Qe7 
14. Ba4 g6 15. O-O Bg7 16. Bxd7+ Qxd7 17. Bc5 b5 18. Qd4 Qc7 19. a4 Bd7 
20. axb5 Rc8 21. Bb4 axb5 22. Ra1 Qc4 23. Qxc4 bxc4 24. Rb2 Rb8 25. Bd6 Rxb2 
26. Ra8+ Bc8 27. Rxc8+ Kd7 28. Rc7+ Kd8 29. Rxf7 Bf8 30. Bxf8 Ke8 31. Ba3 Kxf7 
32. Bxb2 Rb8 33. Ba3 Ra8 34. Bc5 Ra1+ 35. Kf2 Rc1 36. g4 Rxc2+ 37. Ne2 h5 
38. gxh5 gxh5 39. h4 Ra2 40. Bd4 Ra8 41. f5 exf5 42. Nf4 Rc8 43. e6+ Ke7 
44. Bc3 Kd6 45. Ke3 Rb8 46. Kd4 Rb1 47. Ke3 Rb3 48. Kd4 Rb1 49. Ke3 Rb3 
50. Kd4 Rb1 1/2-1/2

[Event "Saturday Apr 14 Engine Tour 9 Rd Swiss 12m+1s Starts at 1600hrs ST"]
[Site "Infinity Chess"]
[Date "2018.4.14"]
[Round "6"]
[White "ivrdurant"]
[Black "star99"]
[Result "1/2-1/2"]
[ECO "C50"]
[WhiteElo "2351"]
[BlackElo "2400"]
[WhiteEngine "Raubfisch ME262_GTZ16d4"]
[BlackEngine "Cryptic Heroes 9.4B"]
[EventType "Swiss"]
[WhiteTeam ""]
[BlackTeam ""]
[PlyCount "147"]
[TimeControl "720+1"]

1. e4 e5 2. Nf3 Nc6 3. Bc4 Bc5 4. O-O d6 5. c3 Nf6 6. d3 O-O 7. h3 h6 8. Re1 a5 
9. Nbd2 a4 10. Bb5 Bd7 11. Nf1 Ne7 12. Bxd7 Qxd7 13. Ng3 Bb6 14. d4 Qb5 
15. Rb1 Rfe8 16. Be3 exd4 17. cxd4 d5 18. e5 Ne4 19. Nh4 Nxg3 20. fxg3 Qd7 
21. Qh5 Qe6 22. Rf1 Rf8 23. Kh2 Rac8 24. Rf4 f6 25. Ng6 Nxg6 26. Qxg6 Qe8 
27. Qg4 h5 28. Qf3 c6 29. exf6 Qg6 30. fxg7 Rxf4 31. Bxf4 Qxb1 32. Bd6 Kxg7 
33. Be5+ Kg8 34. Qxh5 Rd8 35. Bf6 Qe4 36. Qh8+ Kf7 37. Bxd8 Bxd4 38. Qh5+ Qg6 
39. Qf3+ Ke6 40. b3 axb3 41. axb3 Be5 42. b4 Kd7 43. Qe3 Qe4 44. Qg5 Bd4 
45. Bf6 Bxf6 46. Qxf6 d4 47. Qg7+ Kc8 48. Qg8+ Kc7 49. Qc4 Kb6 50. h4 Qe5 
51. Kh3 Kc7 52. Qf7+ Kb6 53. Qd7 Qe3 54. Qf5 Kc7 55. Qa5+ Kc8 56. Qc5 Qe4 
57. Qc4 b5 58. Qg8+ Kc7 59. Qg4 Qe3 60. Qg7+ Kb6 61. Qd7 d3 62. Qd8+ Ka6 
63. Qd6 d2 64. Qxc6+ Ka7 65. Qd7+ Kb8 66. Qd6+ Ka8 67. h5 Ka7 68. Kh4 Kb7 
69. h6 Qe2 70. Qd7+ Kb6 71. Qd6+ Kb7 72. Qd7+ Kb6 73. Qd8+ Kb7 74. Qd7+ 1/2-1/2

[Event "Saturday Apr 14 Engine Tour 9 Rd Swiss 12m+1s Starts at 1600hrs ST"]
[Site "Infinity Chess"]
[Date "2018.4.14"]
[Round "6"]
[White "OlivierEvan"]
[Black "Thinker"]
[Result "1/2-1/2"]
[ECO "D30"]
[WhiteElo "2385"]
[BlackElo "2433"]
[WhiteEngine "Houdini 6"]
[BlackEngine "BrainFish_180408_x64_modern_CTG"]
[EventType "Swiss"]
[WhiteTeam ""]
[BlackTeam ""]
[PlyCount "111"]
[TimeControl "720+1"]

1. d4 d5 2. c4 e6 3. Nf3 Nf6 4. g3 dxc4 5. Bg2 Bd7 6. O-O Bc6 7. Qc2 Nbd7 
8. Qxc4 Bd5 9. Qd3 Be4 10. Qd2 c5 11. Nc3 Bc6 12. a3 Be7 13. Rd1 Qb6 
14. Qc2 cxd4 15. Nxd4 Bxg2 16. Kxg2 Rc8 17. e4 Qa6 18. a4 O-O 19. Bf4 Bc5 
20. Ndb5 e5 21. Bg5 Qe6 22. Bxf6 Nxf6 23. Nd5 Bb6 24. Nxf6+ Qxf6 25. Qe2 a6 
26. Nc3 Qe6 27. Rd3 Bd4 28. Rad1 Rc4 29. R1d2 g6 30. Qf3 Kg7 31. h3 h5 
32. a5 Qc6 33. h4 Qe6 34. b3 Rc7 35. b4 Rc4 36. b5 Rd8 37. bxa6 bxa6 38. Ne2 Ra4 
39. Nxd4 exd4 40. Qf4 Rd7 41. Rb2 Qf6 42. Rbd2 Qe6 43. Rb2 Qe7 44. Rc2 Rd6 
45. Rc5 Rf6 46. Qe5 Qxe5 47. Rxe5 Ra2 48. Rf3 d3 49. Rd5 d2 50. Rd7 Rb2 
51. Rxf6 Kxf6 52. Kf3 Ke6 53. Rd4 Ra2 54. Ke3 Rxa5 55. Rxd2 Rb5 56. Rd8 1/2-1/2

[Event "Saturday Apr 14 Engine Tour 9 Rd Swiss 12m+1s Starts at 1600hrs ST"]
[Site "Infinity Chess"]
[Date "2018.4.14"]
[Round "6"]
[White "Dovahkiin"]
[Black "localhero"]
[Result "1/2-1/2"]
[ECO "C55"]
[WhiteElo "2407"]
[BlackElo "2437"]
[WhiteEngine "Raubfisch ME262_GTZ16f_CTG"]
[BlackEngine "asmFishW_2017-10-04_popcnt"]
[EventType "Swiss"]
[WhiteTeam ""]
[BlackTeam ""]
[PlyCount "101"]
[TimeControl "720+1"]

1. e4 e5 2. Nf3 Nc6 3. Bc4 Nf6 4. d3 Bc5 5. O-O d6 6. c3 a5 7. Bg5 Ba7 8. Bh4 h6 
9. Nbd2 Qe7 10. Bb5 g5 11. Bg3 O-O 12. Nc4 Nh5 13. Bxc6 bxc6 14. Nxa5 Nxg3 
15. hxg3 Bd7 16. Qd2 f6 17. Nc4 h5 18. Ne3 Qh7 19. a4 h4 20. g4 Bxe3 
21. Qxe3 Bxg4 22. a5 Kf7 23. d4 Ke8 24. Nd2 Be6 25. f3 Qh5 26. b4 Rg8 27. c4 g4 
28. d5 Bc8 29. fxg4 Qxg4 30. Qf3 cxd5 31. Qxg4 Rxg4 32. exd5 Ke7 33. b5 Rd4 
34. Ra2 f5 35. Rc1 h3 36. g3 f4 37. Rc3 Rxa5 38. Rxa5 Rxd2 39. gxf4 Re2 
40. c5 h2+ 41. Kh1 Bf5 42. Ra4 dxc5 43. Rxc5 Be4+ 44. Rxe4 Rxe4 45. fxe5 Rxe5 
46. Rxc7+ Kf6 47. Rc6+ Kg7 48. b6 Rxd5 49. Kxh2 Kf7 50. b7 Rb5 51. Rc7+ 1/2-1/2

[Event "Saturday Apr 14 Engine Tour 9 Rd Swiss 12m+1s Starts at 1600hrs ST"]
[Site "Infinity Chess"]
[Date "2018.4.14"]
[Round "6"]
[White "hafaba"]
[Black "Time_bandit"]
[Result "1/2-1/2"]
[ECO "D21"]
[WhiteElo "2471"]
[BlackElo "2453"]
[WhiteEngine "Eman 1.70-beta18x 64-bit POPCNT_CTG"]
[BlackEngine "asmFishW_2018-02-02_popcnt"]
[EventType "Swiss"]
[WhiteTeam ""]
[BlackTeam ""]
[PlyCount "134"]
[TimeControl "720+1"]

1. d4 d5 2. c4 dxc4 3. Nf3 e6 4. e3 Nf6 5. Bxc4 a6 6. O-O c5 7. a4 Nc6 
8. Qe2 cxd4 9. Rd1 Be7 10. exd4 O-O 11. Nc3 Nd5 12. Ne5 Nxc3 13. bxc3 Nxe5 
14. dxe5 Qc7 15. Bd3 g6 16. c4 Bd7 17. a5 Bc6 18. Qe3 Bb4 19. Bb2 Rfd8 
20. Bd4 Bxa5 21. Bc5 Bc3 22. Bd6 Rxd6 23. exd6 Qxd6 24. Be4 Qe5 25. Rac1 Qxe4 
26. Qxe4 Bxe4 27. Rxc3 a5 28. f4 a4 29. Kf2 Kf8 30. Rd2 Ra5 31. Ke3 Bc6 
32. Kd4 g5 33. g3 Ke7 34. Rf2 f6 35. Re3 gxf4 36. gxf4 a3 37. Ra2 Rf5 
38. Rh3 Kd6 39. Ke3 Rc5 40. Rxa3 Rxc4 41. Rd3+ Kc5 42. Rxh7 Re4+ 43. Kd2 Rxf4 
44. h4 Be4 45. Rc3+ Kb4 46. Rh6 Rf2+ 47. Ke1 Rh2 48. Re3 f5 49. Rxe6 b5 
50. Rh6 Kc5 51. Rc3+ Kd4 52. Rb3 Rh1+ 53. Kd2 Kc4 54. Rc3+ Kb4 55. Rc1 Rh3 
56. h5 Rd3+ 57. Ke1 Rh3 58. Kf2 f4 59. Rf6 Rh2+ 60. Ke1 Rh1+ 61. Kd2 Rh2+ 
62. Kd1 Rh4 63. h6 Rh1+ 64. Kd2 Rh2+ 65. Kd1 Rh1+ 66. Kd2 Rh2+ 67. Kd1 Rh1+ 
1/2-1/2

[Event "Saturday Apr 14 Engine Tour 9 Rd Swiss 12m+1s Starts at 1600hrs ST"]
[Site "Infinity Chess"]
[Date "2018.4.14"]
[Round "6"]
[White "Marsell"]
[Black "Seliga"]
[Result "1/2-1/2"]
[ECO "C53"]
[WhiteElo "2459"]
[BlackElo "2469"]
[WhiteEngine "BrainFish_180408_x64_bmi2"]
[BlackEngine "SF9 ''A5x''_CTG"]
[EventType "Swiss"]
[WhiteTeam ""]
[BlackTeam ""]
[PlyCount "221"]
[TimeControl "720+1"]

1. e4 e5 2. Nf3 Nc6 3. Bc4 Bc5 4. c3 Nf6 5. d3 O-O 6. O-O a5 7. Bg5 d6 8. a4 h6 
9. Bh4 g5 10. Bg3 Ba7 11. Na3 Ne7 12. Re1 Nh5 13. Nc2 Nf4 14. Bxf4 gxf4 
15. d4 Ng6 16. Re2 Bg4 17. Rd2 Re8 18. Nce1 Qf6 19. h3 Bh5 20. Qb3 Bb6 
21. Rad1 Rab8 22. Qc2 exd4 23. cxd4 Re7 24. Kh1 Kh8 25. Bf1 Qg7 26. Qd3 c6 
27. Qb3 Bc7 28. Re2 Qf6 29. Qc3 Nh4 30. d5 Qxc3 31. bxc3 Nxf3 32. Nxf3 Kg7 
33. Kg1 b5 34. Rb2 Rxe4 35. dxc6 Rxa4 36. Rxb5 Rxb5 37. Bxb5 Ra3 38. Rc1 Bxf3 
39. gxf3 Rb3 40. Ba4 Rb2 41. Rd1 Ra2 42. Bb3 Ra3 43. Rb1 Kf6 44. Kg2 a4 
45. Bd1 Rxc3 46. Bxa4 d5 47. Rb7 Be5 48. Bb3 Rc5 49. c7 Rxc7 50. Rxc7 Bxc7 
51. Bxd5 Bb6 52. Kf1 Bc7 53. Ke2 Kg7 54. Kd3 h5 55. Ke2 Bd8 56. Be4 Kf6 
57. Bd3 Ke5 58. Bc4 f6 59. h4 f5 60. Bf7 Bxh4 61. Bxh5 Be7 62. Bg6 Bf8 
63. Bf7 Ba3 64. Ba2 Kf6 65. Bb1 Bb2 66. Ba2 Kg5 67. Bf7 Ba1 68. Ba2 Bb2 
69. Bb1 Ba1 70. Ba2 Kg6 71. Kd3 Kf6 72. Bb3 Bb2 73. Ba4 Ke7 74. Bb5 Ke6 
75. Ba4 Bh8 76. Ke2 Ba1 77. Bc2 Bb2 78. Bb1 Ba1 79. Ba2+ Kf6 80. Kd3 Ke5 
81. Bb1 Kf6 82. Ba2 Bb2 83. Bd5 Ke5 84. Ba2 Ba1 85. Bb1 Kd5 86. Ke2 Ke6 
87. Ba2+ Ke7 88. Kd3 Bb2 89. Bb1 Ke6 90. Ba2+ Kd6 91. Bc4 Bg7 92. Ke2 Bc3 
93. Bd3 Ke6 94. Bb1 Bg7 95. Ba2+ Kf6 96. Bb1 Bf8 97. Ba2 Bd6 98. Bb3 Ba3 
99. Bd1 Be7 100. Bc2 Ba3 101. Bb3 Ke7 102. Bd1 Bc1 103. Kd3 Bb2 104. Bc2 Ke6 
105. Bb1 Bg7 106. Ba2+ Ke7 107. Bb3 Bf6 108. Bc2 Bh4 109. Ke2 Kf6 110. Bb3 Kg6 
111. Bd1 1/2-1/2

[Event "Saturday Apr 14 Engine Tour 9 Rd Swiss 12m+1s Starts at 1600hrs ST"]
[Site "Infinity Chess"]
[Date "2018.4.14"]
[Round "6"]
[White "MCDermont"]
[Black "Murx"]
[Result "1/2-1/2"]
[ECO "B12"]
[WhiteElo "2481"]
[BlackElo "2466"]
[WhiteEngine "BrainFish 090218"]
[BlackEngine "asmFishW_2018-04-07_popcnt"]
[EventType "Swiss"]
[WhiteTeam ""]
[BlackTeam ""]
[PlyCount "115"]
[TimeControl "720+1"]

1. e4 c6 2. d4 d5 3. e5 Bf5 4. Nf3 e6 5. Be2 Nd7 6. O-O Ne7 7. Nbd2 h6 8. Nb3 g5 
9. Ne1 Qc7 10. Bh5 c5 11. c3 Bg7 12. f4 c4 13. Nd2 gxf4 14. Rxf4 Nxe5 
15. dxe5 Bxe5 16. Rf1 Bxh2+ 17. Kh1 Bg3 18. Nc2 Rg8 19. Nd4 Qe5 20. Qa4+ Kd8 
21. N2f3 Qg7 22. b3 Be4 23. bxc4 Rc8 24. cxd5 Bxd5 25. Ba3 Rc4 26. Qc2 Bf4 
27. Qf2 Nc6 28. Rad1 Nxd4 29. Rxd4 Be3 30. Qh4+ f6 31. Rxd5+ exd5 32. g4 Kc8 
33. Nd4 Bxd4 34. cxd4 Rxd4 35. Qg3 Qh7 36. Qc3+ Rc4 37. Qxf6 Qe4+ 38. Qf3 Qxf3+ 
39. Rxf3 Rc2 40. Bf7 Rg5 41. Be6+ Kc7 42. Rf7+ Kb6 43. Bf5 Rxa2 44. Be7 Rf2 
45. Bd8+ Kc5 46. Bxg5 hxg5 47. Rxb7 a5 48. Rd7 a4 49. Ra7 Ra2 50. Ra5+ Kc4 
51. Be6 Kb4 52. Rxd5 Re2 53. Bg8 a3 54. Rxg5 a2 55. Bxa2 Rxa2 56. Rh5 Kc4 
57. Rh2 Ra3 58. Kg2 1/2-1/2

[Event "Saturday Apr 14 Engine Tour 9 Rd Swiss 12m+1s Starts at 1600hrs ST"]
[Site "Infinity Chess"]
[Date "2018.4.14"]
[Round "6"]
[White "THE_MACHINE"]
[Black "Thor"]
[Result "1/2-1/2"]
[ECO "B30"]
[WhiteElo "2558"]
[BlackElo "2483"]
[WhiteEngine "BrainFish_180411_x64_bmi2"]
[BlackEngine "asmFishW_2018-04-08_bmi2"]
[EventType "Swiss"]
[WhiteTeam ""]
[BlackTeam ""]
[PlyCount "123"]
[TimeControl "720+1"]

1. e4 c5 2. Nf3 Nc6 3. Nc3 e5 4. Bc4 Be7 5. d3 d6 6. Nd2 Nf6 7. Nf1 Bg4 
8. f3 Be6 9. Ne3 O-O 10. O-O Rb8 11. a4 Nb4 12. Bd2 Nh5 13. g3 Bg5 14. Ncd5 Nxd5 
15. Nxd5 Bxd2 16. Qxd2 b6 17. Ne3 Nf6 18. Rae1 d5 19. exd5 Nxd5 20. Nxd5 Bxd5 
21. Qc3 Bxc4 22. dxc4 Qd7 23. b3 Qd4+ 24. Qxd4 exd4 25. Re7 a5 26. Rfe1 Rfd8 
27. Ra7 Re8 28. Rxe8+ Rxe8 29. Rb7 Kf8 30. Rxb6 Re1+ 31. Kf2 Rc1 32. c3 Rxc3 
33. Rb5 Rc2+ 34. Ke1 Rxh2 35. Rxc5 Rb2 36. Rb5 h5 37. Rxa5 Rxb3 38. Rxh5 Rxf3 
39. g4 Ra3 40. a5 Ra4 41. Ke2 Rxc4 42. Kd2 Ra4 43. Kd3 g6 44. Re5 Ra3+ 
45. Kxd4 Ra4+ 46. Kc3 Rxg4 47. Kb3 f6 48. a6 fxe5 49. a7 Kg7 50. a8=Q Rf4 
51. Qa1 Kf6 52. Kc3 g5 53. Qb1 g4 54. Qb6+ Kf5 55. Qb1+ Kg5 56. Qa1 g3 
57. Kd2 g2 58. Qxe5+ Kg4 59. Qg7+ Kh3 60. Qa1 Kh2 61. Qe5 g1=Q 62. Qxf4+ 1/2-1/2

[Event "Saturday Apr 14 Engine Tour 9 Rd Swiss 12m+1s Starts at 1600hrs ST"]
[Site "Infinity Chess"]
[Date "2018.4.14"]
[Round "6"]
[White "ocirema"]
[Black "KRAKEN"]
[Result "1/2-1/2"]
[ECO "C53"]
[WhiteElo "2461"]
[BlackElo "2522"]
[WhiteEngine "asmFishW_2018-04-08_popcnt_CTG"]
[BlackEngine "Raubfisch X38b_CTG"]
[EventType "Swiss"]
[WhiteTeam ""]
[BlackTeam ""]
[PlyCount "149"]
[TimeControl "720+1"]

1. e4 e5 2. Nf3 Nc6 3. Bc4 Bc5 4. c3 Nf6 5. d3 O-O 6. Nbd2 a5 7. O-O d6 
8. Re1 a4 9. Nf1 Bd7 10. Bb5 Ng4 11. Re2 Ra5 12. Bxc6 Bxc6 13. h3 Nf6 
14. Ng3 Re8 15. Bd2 Bb6 16. d4 h6 17. Qc2 Ra8 18. Rae1 Nh7 19. Be3 Nf8 
20. c4 Ng6 21. d5 Bd7 22. Kh2 Rc8 23. Rd1 Qf6 24. Nh5 Qe7 25. Ng3 Bxe3 
26. Rxe3 b6 27. Nd2 Qf6 28. Nb1 Nf4 29. Nc3 Rf8 30. Rf3 Qg5 31. Rg1 g6 
32. Nge2 Nxe2 33. Qxe2 Kh7 34. Re3 f5 35. exf5 gxf5 36. g3 Rf7 37. Qd3 Qf6 
38. Ne2 h5 39. f4 e4 40. Qd4 Kg6 41. Qd2 b5 42. Nd4 bxc4 43. Rc3 Rg7 
44. Rxc4 Qf7 45. Qa5 Rb8 46. b4 c5 47. dxc6 Qxc4 48. cxd7 Qxd4 49. d8=Q Rxd8 
50. Qxd8 Qf6 51. Qe8+ Kh6 52. b5 Re7 53. Qg8 e3 54. h4 e2 55. Re1 Qg7 
56. Qxg7+ Kxg7 57. Kg2 Rb7 58. Rxe2 Rxb5 59. Kf3 Rc5 60. Re6 Rc6 61. Ke3 Rc2 
62. Rxd6 Rxa2 63. Ra6 a3 64. Ra7+ Kf6 65. Ra6+ Kg7 66. Kd4 Rd2+ 67. Ke5 a2 
68. Ra7+ Kh6 69. Kxf5 Rg2 70. Ke5 Rxg3 71. Rxa2 Rg4 72. f5 Rxh4 73. f6 Kg6 
74. f7 Kxf7 75. Ra1 1/2-1/2